 Dungeon Crawl Stone Soup version 0.25-a0-857-g60a0bcd8b5 (webtiles) character file.

Game seed: 7230329649903690962, levelgen mode: deterministic

5824 tilp the Quickloader (level 11, -5/67 HPs)
             Began as a Kobold Arcane Marksman on Apr 26, 2020.
             Was a Priest of Okawaru.
             Slain by a manticore (11 damage)
             ... on level 10 of the Dungeon.
             The game lasted 00:31:45 (13968 turns).

tilp the Quickloader (Kobold Arcane Marksman)      Turns: 13968, Time: 00:31:46

Health: -5/67      AC: 11    Str: 10    XL:     11   Next: 7%
Magic:  24/24      EV: 22    Int: 21    God:    Okawaru [***...]
Gold:   465        SH:  7    Dex: 23    Spells: 4/14 levels left

rFire    . . .     SeeInvis .   N - +0 morningstar
rCold    . . .     Gourm    .   d - +0 buckler
rNeg     + . .     Faith    .   M - +1 robe of Agoraphobia {rN+ Int+7 Dex+3} (curse)
rPois    .         Spirit   .   y - +2 helmet
rElec    .         Reflect  .   (no cloak)
rCorr    .         Harm     .   w - +2 pair of gloves {Dex+3}
MR       .....                  z - +1 pair of boots
Stlth    +++.......             (no amulet)
HPRegen  0.21/turn              f - +1 ring of evasion
MPRegen  0.19/turn              K - ring of magical power

@: no status effects
A: small, carnivore
a: Heroism, Renounce Religion


You were on level 10 of the Dungeon.
You worshipped Okawaru.
Okawaru was most pleased with you.
You were very full.

You visited 2 branches of the dungeon, and saw 11 of its levels.

You collected 550 gold pieces.
You spent 85 gold pieces at shops.

Inventory:

Hand Weapons
 a - a +1 hand crossbow
 b - a +2 dagger of venom
 q - a +0 war axe
 N - a +0 morningstar (weapon)
 R - the cursed +1 hunting sling of the Desolation of Salt {freeze, Int+5, unknown}
   (You found it on level 10 of the Dungeon)

   It causes projectiles fired from it to freeze those they strike, causing
   extra injury to most foes and up to half again as much damage against
   particularly susceptible opponents.
   They can also slow down cold-blooded creatures.
   It affects your intelligence (+5).
   It has a curse placed upon it.
Missiles
 i - 13 poisoned darts (quivered)
 s - 6 silver boomerangs
 A - a throwing net {!f}
 G - 3 bolts
 O - a boomerang
Armour
 d - a +0 buckler (worn)
 r - the cursed +0 pair of gloves of the Fletcher {rF+ rC+ Int+2}
   (You found it on level 9 of the Dungeon)

   It affects your intelligence (+2).
   It protects you from fire.
   It protects you from cold.
   It has a curse placed upon it.
 w - a +2 pair of gloves of dexterity (worn)
 y - a +2 helmet (worn)
 z - a +1 pair of boots (worn)
 L - a +2 robe of magic resistance
 M - the cursed +1 robe of Agoraphobia (worn) {rN+ Int+7 Dex+3}
   (You found it on level 9 of the Dungeon)

   It affects your intelligence (+7).
   It affects your dexterity (+3).
   It protects you from negative energy.
   It has a curse placed upon it.
Magical Staves
 v - an uncursed staff of energy {unknown}
Jewellery
 f - a +1 ring of evasion (left hand)
 K - a ring of magical power (right hand)
Wands
 C - a wand of flame (13)
 J - a wand of paralysis (4)
Scrolls
 e - 2 scrolls of remove curse
 j - a scroll of teleportation
 k - a scroll of magic mapping
 l - a scroll of random uselessness {unknown}
 n - 3 scrolls of fog
 p - 2 scrolls of enchant weapon
 B - a scroll of vulnerability {unknown}
 F - a scroll of brand weapon {unknown}
 H - 2 scrolls of silence
 I - 3 scrolls of amnesia {unknown}
 Q - a scroll of fear {unknown}
Potions
 g - a potion of lignification
 h - a potion of flight
 m - a potion of mutation
 o - a potion of might
 t - 3 potions of curing
 u - a potion of resistance
 x - a potion of stabbing
 D - a potion of magic {unknown}
 E - a potion of experience {unknown}
 P - 2 potions of heal wounds
 S - a potion of berserk rage {unknown}
Comestibles
 c - 13 rations


   Skills:
 + Level 7.2 Fighting
 - Level 10.0 Crossbows
 + Level 7.4 Dodging
 - Level 4.0 Stealth
 - Level 4.0 Shields
 - Level 2.0 Spellcasting
 - Level 6.0 Hexes
 - Level 6.0 Invocations
 - Level 4.0 Evocations


You had 4 spell levels left.
You knew the following spells:

 Your Spells              Type           Power        Failure   Level  Hunger
a - Corona                Hex            ####...      1%          1    #......
b - Slow                  Hex            ####....     2%          2    ##.....
c - Portal Projectile     Hex/Tloc       ##....       14%         3    ###....
d - Cause Fear            Hex            ####......   14%         4    #####..

Your spell library contained the following spells:

 Spells                   Type           Power        Failure   Level  Hunger
 Inner Flame              Hex/Fire       ##......     14%         3    ###....
 Leda's Liquefaction      Hex/Erth       ##........   43%         4    #####..


Dungeon Overview and Level Annotations

Branches:
Dungeon (10/15)            Temple (1/1) D:7            Lair (0/6) D:8
    Orc: D:9-12

Altars:
Ashenzari
Dithmenos
Elyvilon
Fedhas
Gozag
Hepliaklqana
Kikubaaqudgha
Makhleb
Nemelex Xobeh
Okawaru
Qazlal
Ru
Sif Muna
Trog
Uskayaw
Vehumet
Wu Jian
Xom
Yredelemnul
Zin
The Shining One

Shops:
D:5 %   D:7 [   D:9 %   D:10 *

Annotations:
D:4 Sigmund
D:7 Joseph
D:8 exclusion: two-headed ogre, Erica


Innate Abilities, Weirdness & Mutations

You are small and have problems with some larger weapons.
You are carnivorous and can eat meat at any time.


Message History

The manticore is almost dead.
The manticore misses you. The manticore completely misses you.
You block the manticore's attack.
You hit the manticore but do no damage.
The manticore is almost dead.
The manticore bites you! The manticore completely misses you.
The manticore claws you! The manticore bites you!!
* * * LOW HITPOINT WARNING * * *
The manticore completely misses you. You block the manticore's attack.
You barely miss the manticore.
The manticore is almost dead.
The manticore bites you!
* * * LOW HITPOINT WARNING * * *
The manticore claws you but does no damage.
The manticore claws you!
* * * LOW HITPOINT WARNING * * *
You hit the manticore but do no damage.
The manticore is almost dead.
The manticore completely misses you. The manticore claws you!
You die...

#.....).# #.......# ####.....#
##### #.......# #........#
#...# #.......# ####.##.##
#...# #.......# #...##.# #...#
#.......# ###.##.#####...#
######### #.......<(##...# ##
#....####.##.H.### ###.
#....##...##.@...# ..#
#....##........#.###### ###.#
#....##..###...#..<##.# ##....
#....##......(.....##.# #....#
#....##..........#.##.# #...##
#######..#.#..##<#....###.....
...#....#######.........
#.#.###..# ##..###...# ....
...# ###.....#....


You could see a manticore.

Vanquished Creatures
  A two-headed ogre (D:9)
  Psyche (D:10)
  A hippogriff (D:9)
  8 yaks
  2 orc warriors
  3 ice beasts
  3 sky beasts
  5 centaurs
  2 phantoms
  2 ogres
  A bullfrog (D:8)
  3 scorpions
  4 wights (D:7)
  A howler monkey (D:5)
  6 crimson imps
  3 bullfrog skeletons
  A bullfrog zombie (D:9)
  A centaur skeleton (D:7)
  A gnoll shaman (D:6)
  6 hounds
  3 orc priests
  8 orc wizards
  6 iguanas
  10 worker ants
  A hound zombie (D:5)
  A hound skeleton (D:9)
  2 worker ant zombies
  A howler monkey zombie (D:10)
  12 adders
  4 gnolls (D:6)
  A shadow imp (D:10)
  3 oozes
  An adder zombie (D:5)
  2 adder skeletons
  5 worms
  2 dart slugs
  5 leopard geckos
  20 orcs
  7 bats
  3 giant cockroaches (D:3)
  8 goblins
  16 hobgoblins
  13 jackals
  8 kobolds
  6 quokkas
  A ball python (D:2)
  3 frilled lizards
  A quokka zombie (D:8)
  12 rats
220 creatures vanquished.

Notes
Turn   | Place    | Note
-------+----------+-------------------------------------------
     0 | D:1      | tilp the Kobold Arcane Marksman began the quest for the
                  | Orb.
     0 | D:1      | Reached XP level 1. HP: 12/12 MP: 2/2
   204 | D:1      | Reached skill level 3 in Crossbows
   205 | D:1      | Reached XP level 2. HP: 16/16 MP: 3/3
   309 | D:1      | Learned a level 2 spell: Slow
   477 | D:1      | Reached skill level 4 in Crossbows
   477 | D:1      | Reached XP level 3. HP: 20/20 MP: 4/4
  1542 | D:2      | Reached XP level 4. HP: 11/25 MP: 3/5
  1842 | D:2      | Reached skill level 5 in Crossbows
  2553 | D:2      | Reached XP level 5. HP: 29/29 MP: 6/6
  2866 | D:2      | Reached skill level 6 in Crossbows
  2970 | D:2      | Found a faded altar of an unknown god.
  3239 | D:3      | Found a sacrificial altar of Ru.
  3808 | D:3      | Reached XP level 6. HP: 35/37 MP: 7/7
  4136 | D:4      | Noticed Sigmund
  4144 | D:4      | Found a shadowy altar of Dithmenos.
  4145 | D:4      | Noticed an ogre
  4168 | D:4      | Killed an ogre
  4301 | D:4      | Reached XP level 7. HP: 39/43 MP: 10/10
  4606 | D:4      | Reached skill level 5 in Hexes
  4847 | D:4      | HP: 3/64 [poisoned by a scorpion]
  4853 | D:4      | HP: 2/64 [poisoned by a scorpion]
  4861 | D:4      | HP: 2/64 [poisoned by a scorpion]
  5338 | D:4      | Reached skill level 1 in Stealth
  5338 | D:4      | Reached XP level 8. HP: 46/48 MP: 11/11
  5614 | D:5      | Entered Level 5 of the Dungeon
  5987 | D:5      | Found an ancient bone altar of Kikubaaqudgha.
  6281 | D:5      | You fall into a shaft and drop 2 floors!
  6288 | D:7      | Found Leumupn's Armour Shop.
  6296 | D:7      | Bought a +0 helmet for 63 gold pieces
  6403 | D:7      | Reached skill level 5 in Fighting
  6567 | D:7      | Found a glowing golden altar of the Shining One.
  6782 | D:5      | Found Lept's Food Shop.
  6812 | D:5      | Reached skill level 5 in Dodging
  7115 | D:5      | Reached XP level 9. HP: 37/55 MP: 12/12
  7675 | D:6      | Reached skill level 7 in Crossbows
  7767 | D:6      | Found a glowing silver altar of Zin.
  7768 | D:6      | Found a shattered altar of Ashenzari.
  8595 | D:6      | Reached skill level 8 in Crossbows
  8789 | D:6      | Found a hazy altar of Hepliaklqana.
  9430 | D:7      | Found a staircase to the Ecumenical Temple.
  9490 | Temple   | Entered the Ecumenical Temple
  9708 | Temple   | Became a worshipper of Warmaster Okawaru
  9784 | D:7      | Reached skill level 9 in Crossbows
 10218 | D:7      | Noticed Joseph
 10299 | D:7      | Reached skill level 10 in Crossbows
 10302 | D:7      | Reached skill level 1 in Invocations
 10428 | D:7      | Found a blossoming altar of Fedhas.
 10458 | D:7      | Reached * piety under Okawaru
 10935 | D:8      | Reached XP level 10. HP: 60/60 MP: 10/13
 10988 | D:8      | Noticed Erica
 10993 | D:8      | Noticed a two-headed ogre
 11027 | D:8      | Found a staircase to the Lair.
 11383 | D:9      | Got an ancient robe
 11388 | D:9      | Learned a level 3 spell: Portal Projectile
 11393 | D:9      | Learned a level 4 spell: Cause Fear
 11408 | D:9      | Noticed a two-headed ogre
 11534 | D:9      | Reached skill level 5 in Invocations
 11678 | D:9      | Identified the cursed +1 robe of Agoraphobia {rN+ Int+7
                  | Dex+3} (You found it on level 9 of the Dungeon)
 11778 | D:9      | Found a shimmering blue altar of Sif Muna.
 11829 | D:9      | Found Hageiwat's Food Emporium.
 11893 | D:9      | Got a pair of bloodstained gloves
 11975 | D:9      | Reached skill level 1 in Shields
 12503 | D:9      | Reached ** piety under Okawaru
 12717 | D:9      | Identified the cursed +0 pair of gloves of the Fletcher
                  | {rF+ rC+ Int+2} (You found it on level 9 of the Dungeon)
 12875 | D:9      | Killed a two-headed ogre
 13061 | D:10     | Entered Level 10 of the Dungeon
 13390 | D:10     | Reached XP level 11. HP: 48/66 MP: 15/15
 13545 | D:10     | Found Bohodgh's General Store.
 13548 | D:10     | Bought a scroll of identify for 22 gold pieces
 13633 | D:10     | Noticed a manticore
 13637 | D:10     | Noticed Psyche
 13730 | D:10     | Got a bloodstained hunting sling
 13809 | D:10     | Killed Psyche
 13809 | D:10     | Reached *** piety under Okawaru
 13968 | D:10     | Slain by a manticore

Levels and vault maps discovered:
D:1:      dpeg_arrival_oval, layout_basic, minmay_misc_feat_roman,
          minmay_misc_feat_rugged, chequers_serial_rivers_small_b,
          minmay_crystal_room
D:2:      layout_basic, chequers_ecumenical_altar_grove
D:3:      layout_basic, nicolae_ru_great_annihilating_truth
D:4:      layout_cave_pools, first_ration, minmay_ruined_shrine, uniq_sigmund
D:5:      layout_basic, nicolae_overflow_crystal_walls, serial_shops, shop
D:6:      layout_loops_ring, gammafunk_temple_overflow_statue,
          hangedman_decor_clover_reticule, lemuel_tele_altar
D:7:      layout_loops_ring, tso_oasis_becter, slow_altar_2, temple_pool_b,
          serial_shops, nicolae_shop_crystal, fedhas_bush_and_centaur_altar,
          uniq_joseph
D:8:      layout_cave_pools, lair_entry_dummy, uniq_erica
D:9:      layout_irregular_city, led_sif_pool, serial_shops, kennysheep_mini
D:10:     layout_basic, serial_shops, shop, uniq_psyche
Temple:   regret_index_temple_generic_petals

Skill      XL: |  1  2  3  4  5  6  7  8  9 10 11 |
---------------+----------------------------------+-----
Crossbows      | 3 4 5 6 10 | 10.0
Fighting       | 3 4 6 7 |  7.2
Spellcasting   | 2 |  2.0
Hexes          | 4 6 |  6.0
Stealth        | 1 4 |  4.0
Dodging        | 5 6 7 |  7.4
Invocations    | 3 6 |  6.0
Shields        | 4 |  4.0
Evocations     | 4 |  4.0

Action                   |  1- 3 |  4- 6 |  7- 9 | 10-12 || total
-------------------------+-------+-------+-------+-------++-------
Melee: Dagger            |    38 |   136 |   380 |   153 ||   707
       Mace              |     4 |       |       |       ||     4
       Trident           |       |       |    17 |       ||    17
       Morningstar       |       |       |       |   118 ||   118
 Fire: Hand crossbow     |    29 |    43 |   136 |    33 ||   241
Throw: Dart              |       |     1 |    29 |     9 ||    39
       Boomerang         |       |       |     4 |       ||     4
 Cast: Corona            |     2 |     2 |    14 |     6 ||    24
       Slow              |       |     2 |    11 |    15 ||    28
Invok: Heroism           |       |       |       |     1 ||     1
Evoke: Wand              |       |       |     2 |     4 ||     6
  Use: Scroll            |       |     4 |     9 |     7 ||    20
       Potion            |       |       |     3 |       ||     3
 Stab: Sleeping          |     1 |       |     1 |     3 ||     5
       Paralysed         |       |     1 |       |    15 ||    16
       Invisible         |       |     1 |       |       ||     1
       Distracted        |       |       |     1 |       ||     1
  Eat: Chunk             |    10 |     9 |    22 |    10 ||    51
Armor: Robe              |     6 |     8 |       |    31 ||    45
       Leather armour    |       |    14 |    79 |    13 ||   106
       Skin              |       |       |     6 |       ||     6
Dodge: Dodged            |    31 |    87 |   315 |   227 ||   660
Block: Buckler           |       |       |       |    29 ||    29

Table legend:
 A = Non-vault XP
 B = Vault XP
 C = Vault XP percentage of total XP
 D = Non-vault monster count
 E = Vault monster count
 F = Vault count percentage of total count
                 A         B        C        D         E       F
            +---------+---------+-------+---------+---------+-------
      Total |    7422 |     899 |  10.8 |     206 |      14 |   6.4
            +---------+---------+-------+---------+---------+-------
        D:1 |      61 |       0 |   0.0 |      27 |       0 |   0.0
        D:2 |     109 |       0 |   0.0 |      29 |       0 |   0.0
        D:3 |      54 |      45 |  45.5 |      20 |       4 |  16.7
        D:4 |     496 |     297 |  37.5 |      31 |       8 |  20.5
        D:5 |     839 |       0 |   0.0 |      20 |       0 |   0.0
        D:6 |     825 |       0 |   0.0 |      19 |       0 |   0.0
        D:7 |     814 |     118 |  12.7 |      15 |       1 |   6.2
        D:8 |     500 |       0 |   0.0 |       8 |       0 |   0.0
        D:9 |    2583 |       0 |   0.0 |      26 |       0 |   0.0
       D:10 |    1141 |     439 |  27.8 |      11 |       1 |   8.3
            +---------+---------+-------+---------+---------+-------
